 Dungeon Crawl Stone Soup version 0.23-a0-378-gd7a6ca6 (webtiles) character file.

3215 smcx the Fighter (level 9, -6/85 HPs)
             Began as a Minotaur Berserker on Oct 27, 2018.
             Was an Elder of Trog.
             Mangled by a two-headed ogre
             ... wielding a +0 giant club
              (11 damage)
             ... on level 8 of the Dungeon.
             The game lasted 00:30:46 (9550 turns).

smcx the Fighter (Minotaur Berserker)               Turns: 9550, Time: 00:30:47

Health: -6/85      AC: 11    Str: 25    XL:     9   Next: 65%
Magic:  17/17      EV: 13    Int:  4    God:    Trog [****..]
Gold:   348        SH:  0    Dex: 10    Spells: 8/8 levels left

rFire    . . .     SeeInvis .   a - +0 battleaxe
rCold    . . .     Gourm    .   (shield currently unavailable)
rNeg     . . .     Faith    .   n - +2 leather armour {MR+}
rPois    .         Spirit   .   (helmet restricted)
rElec    .         Reflect  .   q - +1 cloak {+Inv}
rCorr    .         Harm     .   (no gloves)
MR       +....                  w - +1 pair of boots
Stlth    +.........             (no amulet)
HPRegen  0.24/turn              k - +1 ring of evasion
MPRegen  0.15/turn              E - ring of magical power

@: berserk cooldown, slowed, very slow
A: retaliatory headbutt, horns 2
a: Berserk, Trog's Hand, Brothers in Arms, Renounce Religion, Evoke Invisibility


You were on level 8 of the Dungeon.
You worshipped Trog.
Trog was greatly pleased with you.
You were not hungry.

You visited 2 branches of the dungeon, and saw 9 of its levels.

You collected 348 gold pieces.

Inventory:

Hand Weapons
 a - a +0 battleaxe (weapon)
 b - a +0 blowgun
Missiles
 u - 19 poisoned needles (quivered)
Armour
 n - a +2 leather armour of magic resistance (worn)
 q - a +1 cloak of invisibility (worn)
 w - a +1 pair of boots (worn)
Jewellery
 k - a +1 ring of evasion (left hand)
 E - a ring of magical power (right hand)
Wands
 f - a wand of random effects (23)
 r - a wand of polymorph (18)
 G - a wand of disintegration (14)
 H - a wand of enslavement (3)
Scrolls
 d - 3 scrolls of blinking {unknown}
 e - 4 scrolls of teleportation
 g - a scroll of fear {unknown}
 h - 2 scrolls of random uselessness {unknown}
 i - 2 scrolls of remove curse
 o - 4 scrolls of fog {unknown}
 x - 4 scrolls of identify
 D - a scroll of magic mapping {unknown}
 F - a scroll of amnesia {unknown}
 I - 3 scrolls of enchant weapon {unknown}
 J - 2 scrolls of immolation {unknown}
 M - a scroll of noise {unknown}
Potions
 j - a potion of haste
 m - 2 potions of invisibility {unknown}
 p - 5 potions of curing
 v - 2 potions of brilliance {unknown}
 z - a potion of agility {unknown}
 A - 2 potions of might {unknown}
 B - 2 potions of lignification {unknown}
 C - 2 potions of flight {unknown}
 K - a potion of heal wounds {unknown}
 L - a potion of resistance {unknown}
 O - a potion of mutation {unknown}
Comestibles
 c - 11 rations
 l - 2 chunks of flesh


   Skills:
 + Level 10.1 Fighting
 + Level 10.1 Axes
 + Level 9.7 Armour
 - Level 2.1 Dodging


You had 8 spell levels left.
You didn't know any spells.
Your spell library was empty.

Dungeon Overview and Level Annotations

Branches:
Dungeon (8/15)             Temple (1/1) D:4
   Lair: D:8-11

Altars:
Ashenzari
Cheibriados
Dithmenos
Gozag
Hepliaklqana
Kikubaaqudgha
Makhleb
Nemelex Xobeh
Okawaru
Qazlal
Ru
Sif Muna
Uskayaw
Vehumet
Wu Jian
Xom
Yredelemnul
Zin
The Shining One

Shops:
D:5 *

Annotations:
D:5 1 runed door, Soeti's ghost, novice OpTm


Innate Abilities, Weirdness & Mutations

You reflexively headbutt those who attack you in melee.
You have a pair of horns on your head.


Message History

Evoke which item? (* to show all) (? for menu, Esc to quit)
Aiming: Disintegrate
Press: ? - help, Shift-Dir - straight line, f - two-headed ogre
Aim: a two-headed ogre, wielding two +0 giant clubs (chance to defeat MR: 48%)
The two-headed ogre is blasted.
You fail to use your ability.
The two-headed ogre barely misses you.
The two-headed ogre hits you but does no damage.
The two-headed ogre hits you with a +0 giant club.
The two-headed ogre closely misses you.
The two-headed ogre hits you with a +0 giant club!!
The two-headed ogre barely misses you.
You closely miss the orc warrior. Your headbutt misses the orc warrior.
You hit the two-headed ogre but do no damage.
The orc warrior hits you with a +0 dire flail!
The two-headed ogre hits you with a +0 giant club! x2
* * * LOW HITPOINT WARNING * * *
The orc warrior hits you with a +0 dire flail.
* * * LOW HITPOINT WARNING * * *
The two-headed ogre hits you with a +0 giant club!
You die...

....#+#......... ......=
...........#+#####.......
...........#............#
...........#............##
...........#.............#
.......<...#.............#
#+#......#.#.............
.......()#(#.o.......#
......###()(@O.......#
...............###.$......
........................?.
#+###.......>.............
#.....................
##########............
.............
#.............


You could see a two-headed ogre and an orc warrior.

Vanquished Creatures
  Grinder (D:6)
  A yak (D:7)
  A water moccasin (D:7)
  Duvessa (D:4)
  A phantom (D:4)
  An ice beast (D:7)
  A sky beast (D:7)
  2 ogres
  4 centaurs
  A big kobold (D:8)
  5 bullfrogs
  A wyvern zombie (D:8)
  A water moccasin zombie (D:7)
  Dowan (D:4)
  2 scorpions
  A water moccasin skeleton (D:5)
  3 electric eels (D:7)
  A howler monkey (D:5)
  5 crimson imps
  A centaur zombie (D:5)
  2 orc priests
  Crazy Yiuf (D:7)
  A gnoll shaman (D:5)
  3 hounds
  An orc wizard (D:3)
  A centaur skeleton (D:6)
  7 worker ants
  A hound skeleton (D:7)
  6 gnolls (D:5)
  8 adders
  2 shadow imps
  2 adder skeletons
  An adder zombie (D:7)
  6 worms
  A dart slug (D:2)
  7 leopard geckos
  18 orcs
  4 ball pythons
  8 giant cockroaches
  10 goblins
  10 hobgoblins
  15 jackals
  4 quokkas
  6 bats
  2 frilled lizards
  A jackal zombie (D:6)
  14 kobolds
  A leopard gecko skeleton (D:8)
  2 quokka skeletons
  A quokka zombie (D:7)
  12 rats
  2 plants (D:7)
195 creatures vanquished.

Vanquished Creatures (collateral kills)
  Prince Ribbit (D:6)
1 creature vanquished.

Grand Total: 196 creatures vanquished

Notes
Turn   | Place    | Note
-------+----------+-------------------------------------------
     0 | D:1      | smcx the Minotaur Berserker began the quest for the Orb.
     0 | D:1      | Reached XP level 1. HP: 19/19 MP: 0/0
   163 | D:1      | Reached XP level 2. HP: 27/27 MP: 1/1
   996 | D:2      | Reached XP level 3. HP: 11/33 MP: 2/2
  1721 | D:2      | Reached ** piety under Trog
  1793 | D:2      | Found a hide-covered altar of Uskayaw.
  1948 | D:2      | Found a sparkling altar of Nemelex Xobeh.
  1957 | D:2      | Found a stormy altar of Qazlal.
  1999 | D:2      | Reached XP level 4. HP: 37/41 MP: 3/3
  2008 | D:2      | Found a glowing silver altar of Zin.
  2831 | D:3      | Reached skill level 5 in Fighting
  2899 | D:3      | Found a radiant altar of Vehumet.
  2907 | D:3      | Reached XP level 5. HP: 43/48 MP: 4/4
  2968 | D:3      | Reached skill level 5 in Axes
  3152 | D:3      | Found an iron altar of Okawaru.
  3530 | D:3      | Reached *** piety under Trog
  3625 | D:4      | Noticed Duvessa
  3625 | D:4      | Noticed Dowan
  3638 | D:4      | Killed Duvessa
  3638 | D:4      | Reached XP level 6. HP: 56/56 MP: 5/5
  3640 | D:4      | Killed Dowan
  3811 | D:4      | Reached skill level 5 in Armour
  4255 | D:4      | Reached XP level 7. HP: 51/64 MP: 6/6
  4404 | D:4      | Found a staircase to the Ecumenical Temple.
  4791 | Temple   | Entered the Ecumenical Temple
  5030 | D:5      | Entered Level 5 of the Dungeon
  5210 | D:5      | Found a runed door.
  5210 | D:5      | Noticed Soeti's ghost (novice OpTm)
  5763 | D:5      | Found Liosauna's General Store.
  5943 | D:5      | Reached XP level 8. HP: 73/73 MP: 7/7
  6283 | D:6      | Reached **** piety under Trog
  6522 | D:6      | Noticed Grinder
  6528 | D:6      | Paralysed by Grinder for 7 turns
  6542 | D:6      | Killed Grinder
  6883 | D:6      | Found a sacrificial altar of Ru.
  6953 | D:6      | Noticed Prince Ribbit
  6966 | D:6      | Killed Prince Ribbit
  7663 | D:7      | Found a snail-covered altar of Cheibriados.
  7861 | D:7      | Reached XP level 9. HP: 43/83 MP: 8/8
  8192 | D:7      | Found an ancient bone altar of Kikubaaqudgha.
  8287 | D:7      | Found a runed door.
  9409 | D:7      | Noticed Crazy Yiuf
  9412 | D:7      | Killed Crazy Yiuf
  9412 | D:7      | Reached skill level 10 in Fighting
  9527 | D:8      | Reached skill level 10 in Axes
  9539 | D:8      | Noticed a two-headed ogre
  9550 | D:8      | Mangled by a two-headed ogre

Vault maps used:
D:1:      eino_arrival_cavern_b, hangedman_decor_points
D:2:      lemuel_round_altar, nemelex_xobeh_ov_fountains_minmay,
          grunt_qazlal_sundering, zin_scriptorium
D:3:      okawaru_altar_gauntlet_db, fiery_altar_vehumet, first_ration
D:4:      minmay_temple_entry_enclosed_plants, uniq_duvessa
D:5:      gammafunk_ghost_grave, serial_shops, shop_fountains
D:6:      nicolae_ru_path_of_blood, uniq_prince_ribbit1, uniq_grinder
D:7:      nicolae_overflow_hidden_temple, slow_altar_1, serial_bayou,
          serial_bayou_pond_e, serial_bayou_lagoon_a, serial_bayou_shore_a,
          serial_bayou_ford_a, minmay_joined_circles, uniq_crazy_yiuf_cottage
D:8:      fedhas_altar_2, trog_ov_bears_minmay, serial_shops, shop_fountains
Temple:   minmay_temple_curvy_loop

Skill      XL: |  1  2  3  4  5  6  7  8  9 |
---------------+----------------------------+-----
Fighting       | 4 5 6 7 9 10 | 10.1
Axes           | 4 5 6 7 8 10 | 10.1
Armour         | 3 4 5 6 8 9 |  9.7
Dodging        | |  2.1

Action                   |  1- 3 |  4- 6 |  7- 9 || total
-------------------------+-------+-------+-------++-------
Melee: Hand axe          |    98 |   145 |   126 ||   369
       Headbutt          |     9 |    24 |    50 ||    83
       Battleaxe         |       |       |   135 ||   135
 Fire: Blowgun           |       |     3 |    18 ||    21
Invok: Berserk           |       |     1 |     5 ||     6
       Brothers in Arms  |       |       |     1 ||     1
Evoke: Wand              |       |       |     1 ||     1
  Use: Scroll            |       |     1 |     3 ||     4
 Stab: Sleeping          |     2 |       |       ||     2
  Eat: Chunk             |     3 |     9 |     6 ||    18
       Ration            |       |       |     5 ||     5
Armor: Animal skin       |    16 |     7 |       ||    23
       Ring mail         |       |     6 |       ||     6
       Scale mail        |       |    22 |       ||    22
       Leather armour    |       |    12 |    74 ||    86
Dodge: Dodged            |    60 |    86 |   168 ||   314

Table legend:
 A = Non-vault XP
 B = Vault XP
 C = Vault XP percentage of total XP
 D = Non-vault monster count
 E = Vault monster count
 F = Vault count percentage of total count
                 A         B        C        D         E       F
            +---------+---------+-------+---------+---------+-------
      Total |    3433 |    1161 |  25.3 |     174 |      20 |  10.3
            +---------+---------+-------+---------+---------+-------
        D:1 |      25 |       0 |   0.0 |      16 |       0 |   0.0
        D:2 |      87 |       0 |   0.0 |      33 |       0 |   0.0
        D:3 |     125 |      12 |   8.8 |      28 |       6 |  17.6
        D:4 |     372 |     211 |  36.2 |      12 |       2 |  14.3
        D:5 |     665 |       0 |   0.0 |      25 |       0 |   0.0
        D:6 |     646 |     435 |  40.2 |      20 |       2 |   9.1
        D:7 |    1289 |     503 |  28.1 |      29 |      10 |  25.6
        D:8 |     224 |       0 |   0.0 |      11 |       0 |   0.0
            +---------+---------+-------+---------+---------+-------
